 Dungeon Crawl Stone Soup version 0.19-a0-922-gae50766 (webtiles) character file.

291 Musica the Magician (level 6, -3/54 HPs)
             Began as an Octopode Ice Elementalist on July 6, 2016.
             Was a Follower of Vehumet.
             Slain by a sky beast (4 damage)
             ... on level 5 of the Dungeon.
             The game lasted 00:20:26 (3671 turns).

Musica the Magician (Octopode Ice Elementalist)     Turns: 3671, Time: 00:20:27

Health: -3/54      AC:  1    Str: 12    XL:     6   Next: 32%
Magic:  8/12       EV: 12    Int: 19    God:    Vehumet [*.....]
Gold:   195        SH:  0    Dex: 13    Spells: 4 memorised, 7 levels left

rFire  . . .     SeeInvis .     q - +1 quarterstaff
rCold  . . .     Gourm    .     (shield currently unavailable)
rNeg   . . .     Faith    .     (helmet restricted)
rPois  .         Spirit   .     (no amulet)
rElec  .         Dismiss  .     (no ring)
rCorr  .         Reflect  .     (no ring)
SustAt .         Harm     .     (no ring)
MR     .....                    (no ring)
Stlth  ..........               (no ring)
                                (no ring)
                                (no ring)
                                (no ring)

@: berserking, very slightly contaminated, very quick, not resistant to hostile
enchantments, extremely unstealthy
A: almost no armour, amphibious, 8 rings, constrict 8, camouflage 1, gelatinous
body 1
a: Renounce Religion


You were on level 5 of the Dungeon.
You worshipped Vehumet.
Vehumet was aware of your devotion.
You were not hungry.

You visited 2 branches of the dungeon, and saw 7 of its levels.

You collected 195 gold pieces.

Inventory:

Hand Weapons
 q - a +1 quarterstaff (weapon)
Missiles
 g - 9 poisoned needles
 h - 4 needles of confusion
 r - 4 tomahawks (quivered)
 v - 4 javelins
Jewellery
 k - an uncursed amulet of dismissal
 t - an uncursed ring of flight
Wands
 s - a wand of confusion (2/48)
 x - a wand of iceblast (4/15)
Scrolls
 c - 6 scrolls of identify
 o - 4 scrolls of remove curse
 p - a scroll of enchant weapon
 w - 2 scrolls of enchant armour {unknown}
 y - a scroll of teleportation
Potions
 d - 4 potions of curing {unknown}
 e - a potion of mutation {unknown}
 f - a potion of lignification {unknown}
 i - a potion of flight {unknown}
 j - 2 potions of berserk rage
 m - a potion of heal wounds {unknown}
 z - a potion of haste {unknown}
 A - 2 potions of degeneration {unknown}
Books
 a - a book of Frost

   Spells                             Type                      Level
   a - Freeze                         Ice                          1
   b - Throw Frost                    Conjuration/Ice              2
   c - Ozocubu's Armour               Charms/Ice                   3
   d - Throw Icicle                   Conjuration/Ice              4
   e - Summon Ice Beast               Ice/Summoning                4
Comestibles
 b - 10 bread rations
 l - 3 meat rations
 n - 2 beef jerkies
 u - 2 slices of pizza


   Skills:
 + Level 0.8 Staves
 - Level 2.0 Dodging
 - Level 3.3 Stealth
 * Level 4.5 Spellcasting
 * Level 1.8 Conjurations
 + Level 4.4 Ice Magic


You had 7 spell levels left.
You knew the following spells:

 Your Spells              Type           Power        Failure   Level  Hunger
a - Freeze                Ice            ###.         1%          1    None
b - Throw Frost           Conj/Ice       ###...       8%          2    #......
c - Ozocubu's Armour      Chrm/Ice       ##......     17%         3    ###....
d - Magic Dart            Conj           ##..         10%         1    None


Dungeon Overview and Level Annotations

Branches:
Dungeon (6/15)             Temple (1/1) D:4

Altars:
Cheibriados
Elyvilon
Fedhas
Gozag
Hepliaklqana
Kikubaaqudgha
Okawaru
Pakellas
Ru
Sif Muna
Trog
Vehumet
Xom
Yredelemnul

Annotations:
D:4 zervinho's ghost, amateur MiBe


Innate Abilities, Weirdness & Mutations

You cannot wear most types of armour.
You are amphibious.
You can wear up to eight rings at the same time.
You can use your tentacles to constrict eight enemies at once.
Your skin changes colour to match your surroundings (Stealth+).
Your rubbery body absorbs attacks. (AC +1)


Message History

Aiming: Freeze
Press: ? - help, Shift-Dir - straight line You miscast Freeze.
You are very lightly contaminated with residual magic.
Nothing appears to happen.
Something hits you. Something shocks you.
Casting: Freeze
Confirm with . or Enter, or press ? or * to list all spells.
Aiming: Freeze
Press: ? - help, Shift-Dir - straight line You freeze something.
Something hits you. Something shocks you.
* * * LOW HITPOINT WARNING * * *
A red film seems to cover your vision as you go berserk!
You feel yourself moving faster!
You feel mighty! Something hits you.
* * * LOW HITPOINT WARNING * * *
Something shocks you.
* * * LOW HITPOINT WARNING * * *
You barely miss something.
A sky beast appears from thin air!
Reactivating autopickup.
The sky beast hits you.
You die...

#... #...# +.. ... #..
.. #... ########### #...
#........##
#....########..........
##....#.................
.....hY@.......)........
###...#.................
### #.........####....
#.........# #....
#.........# #.....
#....)....# #.....
#.........# .....
#.........# .....
########### ....


You could see a sky beast and a jackal.

Vanquished Creatures
  Blork the orc (D:5)
  2 hounds (D:4)
  A worker ant (D:4)
  3 gnolls (D:3)
  2 adders
  4 worms
  4 dart slugs
  2 giant geckos
  6 orcs
  2 giant cockroaches
  4 hobgoblins
  5 jackals
  6 bats
  A giant gecko skeleton (D:4)
  7 giant newts
  11 goblins
  12 kobolds
  4 rats
77 creatures vanquished.

Notes
Turn   | Place    | Note
-------+----------+-------------------------------------------
     0 | D:1      | Musica the Octopode Ice Elementalist began the quest for the Orb.
     0 | D:1      | Reached XP level 1. HP: 11/11 MP: 3/3
   402 | D:1      | Reached XP level 2. HP: 17/17 MP: 3/5
   406 | D:1      | Learned a level 2 spell: Throw Frost
   896 | D:2      | Reached XP level 3. HP: 11/21 MP: 0/6
  1041 | D:2      | Found a bloodstained altar of Trog.
  1599 | D:2      | Found a radiant altar of Vehumet.
  1656 | D:2      | Became a worshipper of Vehumet
  1749 | D:2      | Reached XP level 4. HP: 25/27 MP: 8/8
  2378 | D:3      | Learned a level 3 spell: Ozocubu's Armour
  2526 | D:3      | Reached XP level 5. HP: 25/31 MP: 2/10
  2530 | D:3      | Reached * piety under Vehumet
  2530 | D:3      | Offered knowledge of Magic Dart by Vehumet.
  2632 | D:4      | Found a staircase to the Ecumenical Temple.
  2647 | Temple   | Entered the Ecumenical Temple
  2868 | D:5      | Entered Level 5 of the Dungeon
  3020 | D:4      | Noticed zervinho's ghost (amateur MiBe)
  3437 | D:4      | Found a hazy altar of Hepliaklqana.
  3444 | D:4      | Found a sacrificial altar of Ru.
  3450 | D:4      | Reached XP level 6. HP: 28/36 MP: 12/12
  3461 | D:4      | Learned a level 1 spell: Magic Dart
  3557 | D:5      | Noticed Blork the orc
  3568 | D:5      | Killed Blork the orc
  3663 | D:5      | Noticed a sky beast
  3670 | D:5      | HP: 1/54 [something (6)]
  3671 | D:5      | Slain by a sky beast

Vault maps used:
D:1:      noname_arrival_rooms_in_the_neighbourhood
D:2:      marbit_many_paths, nicolae_overflow_crystal_walls
D:4:      corexii_shack_village, minitemple, first_bread
D:5:      minmay_divided_ellipse, uniq_blork_the_orc
D:6:      kennysheep_little_box, old_standard_altar, uniq_eustachio
Temple:   dpeg_chambers_temple

Skill      XL: |  1  2  3  4  5 |
---------------+----------------+-----
Stealth        | 3 |  3.3
Ice Magic      | 4 |  4.4
Spellcasting   | 3 4 |  4.5
Staves         | |  0.8
Dodging        | |  2.0
Conjurations   | |  1.8

Action                   |  1- 3 |  4- 6 || total
-------------------------+-------+-------++-------
Melee: Mace              |    12 |       ||    12
       Short sword       |    11 |       ||    11
       Constrict         |     7 |    10 ||    17
       Tentacles         |     1 |     3 ||     4
       Quarterstaff      |     7 |    30 ||    37
 Cast: Freeze            |    26 |    34 ||    60
       Throw Frost       |    15 |    19 ||    34
       Magic Dart        |       |     5 ||     5
Evoke: Wand              |       |     3 ||     3
  Use: Scroll            |     2 |     6 ||     8
       Potion            |       |     1 ||     1
 Stab: Sleeping          |     7 |     4 ||    11
  Eat: Chunk             |     4 |     4 ||     8
       Fruit             |       |     1 ||     1
       Beef jerky        |       |     1 ||     1
Armor: Skin              |     3 |     6 ||     9
Dodge: Dodged            |    39 |    39 ||    78
